 Dungeon Crawl Stone Soup version 0.22.0-49-gab54619 (webtiles) character file.

8061 Marcoleric the Cleaver (level 11, -6/97 HPs)
             Began as a Hill Orc Fighter on Sept 7, 2018.
             Was a Priest of Cheibriados.
             Mangled by a ten-headed hydra (9 damage)
             ... on level 1 of the Lair of Beasts.
             The game lasted 00:32:27 (8330 turns).

Marcoleric the Cleaver (Hill Orc Fighter)           Turns: 8330, Time: 00:32:28

Health: -6/97      AC: 16    Str: 31    XL:     11   Next: 25%
Magic:  0/20       EV: 13    Int: 16    God:    Cheibriados [***...]
Gold:   371        SH: 16    Dex: 18    Spells: 10/10 levels left

rFire    + + +     SeeInvis .   j - +3 hand axe (elec)
rCold    + . .     Gourm    .   c - +0 shield
rNeg     . . .     Faith    .   o - +3 ring mail {rF+}
rPois    .         Spirit   +   u - +2 helmet
rElec    .         Reflect  +   w - scarf {Spirit}
rCorr    .         Harm     .   (no gloves)
MR       .....                  x - +0 pair of boots
Stlth    +.........             i - +3 amulet of reflection
HPRegen  0.26/turn              l - ring of protection from fire
MPRegen  0.17/turn              y - ring of magical power

@: very slightly contaminated, very slow
A: icy blue scales 1, cold resistance 1, fire resistance 1
a: Bend Time, Temporal Distortion, Renounce Religion


You were on level 1 of the Lair of Beasts.
You worshipped Cheibriados.
Cheibriados was most pleased with you.
You were not hungry.

You visited 3 branches of the dungeon, and saw 10 of its levels.

You collected 605 gold pieces.
You spent 234 gold pieces at shops.

Inventory:

Hand Weapons
 a - a +0 war axe
 j - a +3 hand axe of electrocution (weapon)
 s - a +1 battleaxe of electrocution
Armour
 c - a +0 shield (worn)
 o - a +3 ring mail of fire resistance (worn)
 u - a +2 helmet (worn)
 w - a scarf of spirit shield (worn)
 x - a +0 pair of boots (worn)
 B - a +0 cloak of magic resistance
Jewellery
 i - a +3 amulet of reflection (around neck)
 l - a ring of protection from fire (left hand)
 y - a ring of magical power (right hand)
 A - an uncursed amulet of the gourmand
Wands
 d - a wand of flame (8)
 m - a wand of iceblast (13)
 v - a wand of acid (18)
Scrolls
 b - 3 scrolls of identify
 n - 3 scrolls of magic mapping
 p - a scroll of fog
 q - a scroll of amnesia
Potions
 g - a potion of mutation
 k - 3 potions of agility
Comestibles
 f - 6 rations


   Skills:
 + Level 9.1 Fighting
 + Level 12.4 Axes
 * Level 8.5 Armour
 + Level 4.1 Dodging
 + Level 1.1 Stealth
 + Level 10.0 Shields
 + Level 0.1 Invocations


You had 10 spell levels left.
You didn't know any spells.
Your spell library contained the following spells:

 Spells                   Type           Power        Failure   Level  Hunger
 Beastly Appendage        Tmut           #.....       54%         1    ##.....
 Corona                   Hex            #......      54%         1    ##.....
 Infusion                 Chrm           #...         54%         1    ##.....
 Magic Dart               Conj           #...         54%         1    ##.....
 Blink                    Tloc           N/A          67%         2    ###....
 Call Imp                 Summ           #.......     67%         2    ###....
 Ensorcelled Hibernation  Hex/Ice        #.....       67%         2    ###....
 Shroud of Golubria       Chrm/Tloc      #.........   67%         2    ###....
 Slow                     Hex            #.......     67%         2    ###....
 Song of Slaying          Chrm           #.......     67%         2    ###....
 Sticks to Snakes         Tmut           #.......     67%         2    ###....
 Confuse                  Hex            #.......     88%         3    ####...
 Conjure Flame            Conj/Fire      #.......     88%         3    ####...
 Dazzling Spray           Conj/Hex       #.....       88%         3    ####...
 Mephitic Cloud           Conj/Pois/Air  #.......     88%         3    ####...
 Regeneration             Chrm/Necr      #.........   88%         3    ####...
 Spectral Weapon          Hex/Chrm       #.......     88%         3    ####...
 Spider Form              Tmut/Pois      #.........   88%         3    ####...
 Tukima's Dance           Hex            #.......     88%         3    ####...
 Ice Form                 Ice/Tmut       #.......     99%         4    #####..
 Blade Hands              Tmut           #.........   100%        5    ######.


Dungeon Overview and Level Annotations

Branches:
Dungeon (8/15)             Temple (1/1) D:4            Lair (1/6) D:8

Altars:
Cheibriados
Elyvilon
Fedhas
Gozag
Kikubaaqudgha
Okawaru
Ru
Uskayaw
Xom
The Shining One

Shops:
D:8 *


Innate Abilities, Weirdness & Mutations

You are partially covered in icy blue scales. (AC +2)
Your flesh is cold resistant. (rC+)
Your flesh is heat resistant. (rF+)


Message History

You feel much better.
You block the ten-headed hydra's attack. x2
The ten-headed hydra bites you!
The ten-headed hydra closely misses you.
The ten-headed hydra bites you!
* * * LOW HITPOINT WARNING * * *
The ten-headed hydra closely misses you.
The ten-headed hydra bites you but does no damage. x3
You block the ten-headed hydra's attack.
The ten-headed hydra closely misses you.
The ten-headed hydra bites you!
* * * LOW HITPOINT WARNING * * *
You block the ten-headed hydra's attack. x2
The ten-headed hydra bites you!
* * * LOW HITPOINT WARNING * * *
The ten-headed hydra bites you but does no damage.
You block the ten-headed hydra's attack.
The ten-headed hydra bites you but does no damage. x2
The ten-headed hydra bites you!
You die...

P≈≈♣................
♣♣♣♣#..............##
♣...............## ###
##...............#
#####..##
##.............#
#.......##
##...........#
##......... #..........#
##..........
###........#
##...........
##.....@####............
###...#DP##............
#####t##.............
##...............
#.#.............
#..#.........>§.
##..............
##.............
#..#...........


You could see a ten-headed hydra and a crocodile.

Vanquished Creatures
  A two-headed ogre (D:8)
  The ghost of CcS the Conjurer, a novice DEFE (D:6)
  A spiny frog (Lair:1)
  4 black mambas (Lair:1)
  A kobold demonologist (D:6)
  Grinder (D:3)
  5 hippogriffs
  Sigmund (D:2)
  A yak (D:8)
  A basilisk (D:8)
  2 porcupines (Lair:1)
  A water moccasin (Lair:1)
  An ice beast (D:7)
  4 sky beasts
  A black bear (D:8)
  4 ogres
  2 crocodiles
  4 bullfrogs
  8 big kobolds
  A gnoll sergeant (D:8)
  A wyvern zombie (D:8)
  A water moccasin skeleton (D:8)
  A scorpion (D:4)
  3 howler monkeys
  4 crimson imps
  A quasit (D:8)
  A bullfrog skeleton (D:5)
  4 hounds
  4 orc priests
  A jelly (D:5)
  2 orc wizards
  An iguana (D:8)
  Jessica (D:2)
  Crazy Yiuf (D:2)
  Ijyb (D:3)
  6 worker ants
  A worker ant zombie (D:6)
  Robin (D:3)
  4 gnolls (D:8)
  11 adders
  2 shadow imps
  2 oozes
  An adder skeleton (D:4)
  2 worms (D:2)
  4 dart slugs
  7 leopard geckos
  18 orcs
  A ball python (D:4)
  7 bats
  4 giant cockroaches
  16 goblins
  6 hobgoblins
  4 jackals (D:1)
  16 kobolds
  2 quokkas
  5 frilled lizards
  A jackal zombie (D:5)
  A leopard gecko skeleton (D:7)
  A quokka skeleton (D:8)
  A quokka zombie (D:6)
  7 rats
  A bush (D:2)
204 creatures vanquished.

Vanquished Creatures (others)
  3 centaurs
  An orc (D:8)
4 creatures vanquished.

Grand Total: 208 creatures vanquished

Notes
Turn   | Place    | Note
-------+----------+-------------------------------------------
     0 | D:1      | Marcoleric the Hill Orc Fighter began the quest for the
                  | Orb.
     0 | D:1      | Reached XP level 1. HP: 19/19 MP: 1/1
    55 | D:1      | Reached skill level 3 in Axes
    55 | D:1      | Reached XP level 2. HP: 10/27 MP: 2/2
   464 | D:1      | Reached XP level 3. HP: 33/33 MP: 3/3
   923 | D:2      | Noticed Jessica
   951 | D:2      | Killed Jessica
   951 | D:2      | Reached XP level 4. HP: 22/41 MP: 4/4
   956 | D:2      | Reached skill level 4 in Axes
  1261 | D:2      | Found a runed door.
  1265 | D:2      | Noticed Crazy Yiuf
  1267 | D:2      | Killed Crazy Yiuf
  1403 | D:2      | Noticed Sigmund
  1412 | D:2      | Killed Sigmund
  1412 | D:2      | Reached skill level 6 in Axes
  1412 | D:2      | Reached XP level 5. HP: 35/47 MP: 5/5
  1412 | D:2      | Reached XP level 6. HP: 40/53 MP: 6/6
  1603 | D:3      | Noticed Ijyb
  1614 | D:3      | Killed Ijyb
  1664 | D:3      | Found a white marble altar of Elyvilon.
  1756 | D:3      | Gained mutation: Your flesh is heat resistant. (rF+)
                  | [potion of mutation]
  1756 | D:3      | Gained mutation: Your flesh is cold resistant. (rC+)
                  | [potion of mutation]
  1756 | D:3      | Gained mutation: You are partially covered in icy blue
                  | scales. (AC +2) [potion of mutation]
  1766 | D:3      | Reached skill level 7 in Axes
  1815 | D:3      | Reached skill level 5 in Fighting
  1815 | D:3      | Reached skill level 1 in Dodging
  1815 | D:3      | Reached XP level 7. HP: 41/61 MP: 7/7
  1956 | D:3      | Noticed Robin
  1969 | D:3      | Killed Robin
  2000 | D:3      | Found an ancient bone altar of Kikubaaqudgha.
  2051 | D:3      | Noticed Grinder
  2078 | D:3      | Paralysed by Grinder for 6 turns
  2099 | D:3      | Killed Grinder
  2099 | D:3      | Reached skill level 8 in Axes
  2985 | D:4      | Reached XP level 8. HP: 69/69 MP: 8/8
  3111 | D:4      | Found a staircase to the Ecumenical Temple.
  3120 | Temple   | Entered the Ecumenical Temple
  3151 | Temple   | Became a worshipper of Cheibriados the Contemplative
  3293 | D:5      | Entered Level 5 of the Dungeon
  3299 | D:5      | Reached skill level 5 in Armour
  3352 | D:5      | Reached skill level 5 in Shields
  3535 | D:5      | Reached skill level 9 in Axes
  3936 | D:5      | Found a blossoming altar of Fedhas.
  3966 | D:5      | Found an opulent altar of Gozag.
  4223 | D:6      | Reached * piety under Cheibriados
  4455 | D:6      | Found a runed gate.
  4457 | D:6      | Noticed a kobold demonologist
  4459 | D:6      | Found a runed gate.
  4459 | D:6      | Found a runed gate.
  4459 | D:6      | Noticed CcS's ghost (novice DEFE)
  4466 | D:6      | Noticed a hellwing
  4468 | D:6      | Noticed a sixfirhy
  4468 | D:6      | Killed a kobold demonologist
  4492 | D:6      | Killed CcS's ghost
  4492 | D:6      | Reached skill level 10 in Axes
  4492 | D:6      | Reached XP level 9. HP: 73/75 MP: 9/9
  5469 | D:7      | Reached ** piety under Cheibriados
  5777 | D:7      | Reached skill level 11 in Axes
  5777 | D:7      | Reached XP level 10. HP: 86/86 MP: 10/10
  6401 | D:8      | Noticed a two-headed ogre
  6408 | D:8      | Killed a two-headed ogre
  6571 | D:8      | Reached *** piety under Cheibriados
  6615 | D:8      | Found a staircase to the Lair.
  7167 | D:8      | Found Sosuazuf's Assorted Antiques.
  7184 | D:8      | Bought a scroll of identify for 52 gold pieces
  7184 | D:8      | Bought a scroll of identify for 52 gold pieces
  7184 | D:8      | Bought a potion of heal wounds for 130 gold pieces
  7664 | Lair:1   | Entered Level 1 of the Lair of Beasts
  7665 | Lair:1   | Noticed a black mamba
  7679 | Lair:1   | Killed a black mamba
  7862 | Lair:1   | Noticed a spiny frog
  7866 | Lair:1   | Killed a spiny frog
  7866 | Lair:1   | Reached skill level 12 in Axes
  7866 | Lair:1   | Reached XP level 11. HP: 89/95 MP: 11/11
  7874 | Lair:1   | Reached **** piety under Cheibriados
  7888 | Lair:1   | Reached skill level 1 in Stealth
  8292 | Lair:1   | Noticed an eight-headed hydra
  8301 | Lair:1   | Reached skill level 10 in Shields
  8330 | Lair:1   | HP: 3/97 [ten-headed hydra (10)]
  8330 | Lair:1   | Mangled by a ten-headed hydra

Skill      XL: |  1  2  3  4  5  6  7  8  9 10 11 |
---------------+----------------------------------+-----
Axes           | 3 6 7 8 10 11 12 | 12.4
Fighting       | 4 5 6 7 8 9 |  9.1
Armour         | 4 6 7 8 |  8.5
Shields        | 4 6 8 9 10 | 10.0
Dodging        | 1 2 3 4 |  4.1
Stealth        | 1 |  1.1
Invocations    | |  0.1

Action                   |  1- 3 |  4- 6 |  7- 9 | 10-12 || total
-------------------------+-------+-------+-------+-------++-------
Melee: War axe           |    57 |       |       |       ||    57
       Hand axe          |    17 |    94 |   269 |   191 ||   571
Invok: Bend Time         |       |       |       |     1 ||     1
       Slouch            |       |       |       |     1 ||     1
Evoke: Wand              |       |       |     1 |       ||     1
  Use: Scroll            |     4 |     7 |     8 |     7 ||    26
       Potion            |       |     2 |     6 |     4 ||    12
  Eat: Ration            |       |     1 |     3 |     2 ||     6
Armor: Scale mail        |    41 |    21 |       |       ||    62
       Ring mail         |       |     5 |   106 |    72 ||   183
Dodge: Dodged            |    33 |    17 |    60 |    78 ||   188
Block: Shield            |    55 |    30 |   139 |   168 ||   392
       Reflection        |       |       |     7 |     9 ||    16
